AoeStats
← Snow

Arena

504517691Analyzed
3v3 RM · 27d ago on Sep 5, 2026· 29m 47s· 6 players
Game mode
Random Map
Map size
Normal (6 player)
Population
200
Speed
Normal
Resources
Standard
Victory
Conquest
Starting age
Dark Age
Ending age
Imperial Age
RankedLock teamsTeams togetherTeam positionsShared explorationLock speedFull tech treeHidden civsTurbo modeCheats
Victory
Defeat
🇲🇽 Poles · Mexico
897
+12
🇵🇪 Burmese · Peru
894
+12
🇨🇱 Vietnamese · Chile
873
+13
🇯🇴 Magyars · Jordan
857
-15
🇸🇦 Mongols · Saudi Arabia
773
-11
🇯🇴 Ethiopians · Jordan
770
-11
Master Blaster
0:25 Loom
9:57 Feudal Age
10:34 Double-Bit Axe
18:28 Bloodlines
20:15 Scale Barding Armor
20:21 Forging
20:12 Scale Mail Armor
20:03 Fletching
20:05 Gold Mining
20:14 Stone Mining
24:30 Castle Age
25:06 Castle Age
24:55 Arson
24:31 Man-at-Arms
26:10 Light Cavalry
26:56 Husbandry
26:19 Light Cavalry
26:42 Horse Collar
27:30 Bow Saw
28:03 Wheelbarrow
27:55 Heavy Plow
29:25 Stone Shaft Mining
29:14 Chain Barding Armor
29:30 Iron Casting
30:49 Wheelbarrow
Necropulpectomía
0:28 Loom
11:12 Feudal Age
12:55 Wheelbarrow
15:27 Castle Age
14:54 Loom
15:20 Horse Collar
15:26 Double-Bit Axe
15:33 Gold Mining
16:42 Hand Cart
16:12 Loom
23:35 Bow Saw
23:27 Heavy Plow
23:22 Gold Mining
24:57 Loom
26:08 Stone Mining
27:33 Stone Shaft Mining
29:38 Imperial Age
28:32 Caravan
29:53 Fletching
30:11 Town Watch
abcdEdwin
9:34 Feudal Age
10:25 Loom
14:40 Man-at-Arms
20:53 Castle Age
19:10 Scale Mail Armor
19:17 Stone Mining
22:35 Husbandry
22:46 Bloodlines
24:50 Gold Mining
Decoy
Snow
MuradOVO
8:36 Loom
18:49 Feudal Age
19:51 Man-at-Arms
22:02 Forging
21:53 Scale Mail Armor
24:18 Double-Bit Axe
Connection lost

Rejoining the realm…

Still unreachable

The connection could not be restored.

Session expired

The server has moved on; the page needs a fresh start.